 Dungeon Crawl Stone Soup version 0.23-a0-629-gae4348f (webtiles) character file.

714 Leeroy the Carver (level 7, -15/51 HPs)
             Began as a Barachi Skald on Dec 26, 2018.
             Demolished by an ogre
             ... wielding a +0 giant club
              (29 damage)
             ... on level 5 of the Dungeon.
             The game lasted 00:10:27 (3413 turns).

Leeroy the Carver (Barachi Skald)                   Turns: 3413, Time: 00:10:28

Health: -15/51     AC:  5    Str: 12    XL:     7   Next: 69%
Magic:  1/10       EV: 12    Int: 15    God:
Gold:   142        SH:  0    Dex: 12    Spells: 3/10 levels left

rFire    . . .     SeeInvis .   a - +0 falchion
rCold    . . .     Gourm    .   (no shield)
rNeg     . . .     Faith    .   b - +0 leather armour
rPois    .         Spirit   .   (no helmet)
rElec    .         Reflect  .   v - +0 cloak
rCorr    .         Harm     .   k - +0 pair of gloves
MR       .....                  (no boots)
Stlth    +.........             (no amulet)
HPRegen  1.17/turn              (no ring)
MPRegen  0.12/turn              (no ring)

@: can't hop, regenerating (expiring), slow
A: +LOS, swims, slowness 1, strong legs 1
a: Hop


You were on level 5 of the Dungeon.
You were hungry.

You visited 1 branch of the dungeon, and saw 5 of its levels.

You collected 142 gold pieces.

Inventory:

Hand Weapons
 a - a +0 falchion (weapon)
 g - a +0 whip
 m - a +0 spear
 n - a +0 dagger of holy wrath
 q - a +0 dagger
 r - a +0 rapier
Missiles
 i - 68 bolts
 j - 151 stones (quivered)
 o - 57 arrows
 x - 13 sling bullets
 D - 22 poisoned needles
Armour
 b - a +0 leather armour (worn)
 k - a +0 pair of gloves (worn)
 l - a +0 ring mail
 s - a +0 buckler
 v - a +0 cloak (worn)
 F - a +1 helmet of see invisible
Magical Staves
 C - a cursed staff of air {unknown}
Jewellery
 f - an uncursed ring of resist corrosion {unknown}
 B - an uncursed ring of protection from fire {unknown}
Wands
 A - a wand of acid (10)
Scrolls
 c - a scroll of amnesia
 e - a scroll of teleportation
 h - a scroll of remove curse
 t - a scroll of noise {unknown}
 u - a scroll of enchant armour {unknown}
 w - a scroll of enchant weapon {unknown}
 y - a scroll of fog
Potions
 p - a potion of resistance {unknown}
 z - a potion of heal wounds {unknown}
 G - a potion of flight {unknown}
 H - a potion of curing
Comestibles
 d - 5 rations
 E - a chunk of flesh


   Skills:
 - Level 2.4 Fighting
 * Level 8.6 Long Blades
 - Level 1.2 Armour
 - Level 2.2 Dodging
 * Level 2.2 Shields
 - Level 2.2 Spellcasting
 * Level 2.9 Hexes
 * Level 4.0 Charms
 + Level 0.1 Necromancy


You had 3 spell levels left.
You knew the following spells:

 Your Spells              Type           Power        Failure   Level  Hunger
a - Infusion              Chrm           ##..         5%          1    #......
b - Spectral Weapon       Hex/Chrm       ##......     21%         3    ###....
c - Regeneration          Chrm/Necr      #.........   34%         3    ###....

Your spell library contained the following spells:

 Spells                   Type           Power        Failure   Level  Hunger
 Song of Slaying          Chrm           ##......     8%          2    ###....
 Shroud of Golubria       Chrm/Tloc      #.........   19%         2    ###....


Dungeon Overview and Level Annotations

Branches:
Dungeon (5/15)
 Temple: D:4-7

Altars:
Ru
Sif Muna


Innate Abilities, Weirdness & Mutations

Shadows flee at your approach. (+LOS)
You can swim through water.
You cover ground slowly.
You can hop short distances.


Message History

Your spectral weapon hits the big kobold!
The ogre hits your spectral weapon with a +0 giant club!!
Your spectral weapon shares its damage with you!
Your spectral weapon fades away.
The big kobold shouts!
Casting: Spectral Weapon (safe; 21% risk of failure)
Confirm with . or Enter, or press ? or * to list all spells.
You draw out your weapon's spirit!
The big kobold hits you with a +0 whip.
* * * LOW HITPOINT WARNING * * *
The crimson imp blinks!
You hit the ogre.
The ogre is lightly wounded.
The big kobold hits you but does no damage.
Your spectral weapon barely misses the ogre.
The kobold shoots a poisoned needle.
The poisoned needle completely misses your spectral weapon.
The poisoned needle misses you.
The ogre hits you with a +0 giant club!!
Ouch! That really hurt!
You die...

.##.......##
..#..5....>######
.##..#.K.....#..##
.###.####....#...##
..†...##..##§.....###
......##..##...5....#
......##..#....K....#
##.##.##..#....K(...##
#### ##..#.....O@....#
...##.........##
##..#..........#
#.............#
#..........(.##
#...........##
#....[.[#...#
#.......#####
#......##


You could see a big kobold, an ogre, a crimson imp, a kobold and a friendly
spectral +0 falchion.

Vanquished Creatures
  Grinder (D:4)
  Menkaure (D:4)
  2 phantoms
  A scorpion (D:3)
  A bullfrog skeleton (D:5)
  A worker ant (D:3)
  6 adders
  2 adder skeletons (D:4)
  4 worms
  2 leopard geckos (D:5)
  3 ball pythons
  10 bats
  2 giant cockroaches
  5 goblins
  7 hobgoblins
  7 jackals (D:3)
  A quokka (D:5)
  12 frilled lizards
  7 kobolds
  8 rats
83 creatures vanquished.

Vanquished Creatures (others)
  A spectral weapon (D:5)
1 creature vanquished.

Grand Total: 84 creatures vanquished

Notes
Turn   | Place    | Note
-------+----------+-------------------------------------------
     0 | D:1      | Leeroy the Barachi Skald began the quest for the Orb.
     0 | D:1      | Reached XP level 1. HP: 17/17 MP: 3/3
    63 | D:1      | Reached skill level 3 in Long Blades
   105 | D:1      | Reached XP level 2. HP: 5/23 MP: 5/5
  1019 | D:2      | Reached skill level 4 in Long Blades
  1019 | D:2      | Reached XP level 3. HP: 23/28 MP: 1/6
  1024 | D:2      | Learned a level 3 spell: Spectral Weapon
  1298 | D:2      | Reached skill level 5 in Long Blades
  1298 | D:2      | Reached XP level 4. HP: 19/34 MP: 0/7
  2165 | D:3      | Reached skill level 6 in Long Blades
  2165 | D:3      | Reached skill level 1 in Hexes
  2165 | D:3      | Reached XP level 5. HP: 24/39 MP: 5/8
  2202 | D:3      | Noticed a phantom
  2253 | D:3      | Killed a phantom
  2285 | D:3      | Reached XP level 6. HP: 8/46 MP: 9/9
  2475 | D:3      | Reached skill level 7 in Long Blades
  2481 | D:3      | Learned a level 3 spell: Regeneration
  2623 | D:4      | Noticed Grinder
  2631 | D:4      | Killed Grinder
  2631 | D:4      | Reached skill level 1 in Shields
  2631 | D:4      | Reached XP level 7. HP: 35/51 MP: 6/10
  2692 | D:4      | Reached skill level 8 in Long Blades
  2773 | D:4      | Noticed Menkaure
  2784 | D:4      | Killed Menkaure
  3051 | D:4      | Found a sacrificial altar of Ru.
  3051 | D:4      | Found a deep blue altar of Sif Muna.
  3118 | D:5      | Entered Level 5 of the Dungeon
  3413 | D:5      | Demolished by an ogre

Vault maps used:
D:1:      wander_arrival_lonely_grave, roderic_lattice_a, minmay_heptomino_h4
D:2:      serial_rivers, chequers_serial_rivers_large_a,
          chequers_serial_rivers_micro_c, chequers_serial_rivers_micro_c,
          chequers_serial_rivers_marsh, chequers_serial_rivers_micro_b,
          first_ration
D:4:      gammafunk_temple_overflow_elements, minmay_temple_entry_hall,
          serial_shops, nicolae_shop_trees, uniq_grinder, uniq_menkaure
D:5:      minitemple, chequers_serial_rivers_marsh

Skill      XL: |  1  2  3  4  5  6  7 |
---------------+----------------------+-----
Long Blades    | 3 4 5 6 7 8 |  8.6
Hexes          | 1 2 |  2.9
Shields        | 1 2 |  2.2
Charms         | 4 |  4.0
Fighting       | |  2.4
Armour         | |  1.2
Dodging        | |  2.2
Spellcasting   | |  2.2
Necromancy     | |  0.1

Action                   |  1- 3 |  4- 6 |  7- 9 || total
-------------------------+-------+-------+-------++-------
Melee: Falchion          |   107 |   114 |    64 ||   285
Throw: Stone             |     2 |    18 |     7 ||    27
 Cast: Infusion          |     4 |       |       ||     4
       Spectral Weapon   |       |     7 |     5 ||    12
       Regeneration      |       |       |     3 ||     3
 Abil: Hop               |       |       |     1 ||     1
  Use: Potion            |     1 |     2 |       ||     3
       Scroll            |       |       |     5 ||     5
  Eat: Chunk             |     2 |     6 |     3 ||    11
Armor: Leather armour    |    46 |    36 |    11 ||    93
Dodge: Dodged            |    86 |    89 |    31 ||   206
       Rpst.: Falchion   |    32 |    28 |    17 ||    77

Table legend:
 A = Non-vault XP
 B = Vault XP
 C = Vault XP percentage of total XP
 D = Non-vault monster count
 E = Vault monster count
 F = Vault count percentage of total count
                 A         B        C        D         E       F
            +---------+---------+-------+---------+---------+-------
      Total |     588 |     432 |  42.4 |      78 |       5 |   6.0
            +---------+---------+-------+---------+---------+-------
        D:1 |      27 |       5 |  15.6 |      18 |       3 |  14.3
        D:2 |      82 |       0 |   0.0 |      26 |       0 |   0.0
        D:3 |     269 |       0 |   0.0 |      21 |       0 |   0.0
        D:4 |     132 |     427 |  76.4 |       6 |       2 |  25.0
        D:5 |      78 |       0 |   0.0 |       7 |       0 |   0.0
            +---------+---------+-------+---------+---------+-------
